Zazza, neutral female human Tourist ----- ######################################## |...| # # ---------- |<..| # ###.........| |....#### |........| |...| B[@...[..| --.-- --|------- # ### # # ### # ## ----.--- |....... |......| |....... |......| |....>^| -------- Zazza the Rambler Experience level: 2 Strength: 14 Dexterity: 12 Constitution: 16 Intelligence: 10 Wisdom: 10 Charisma: 18 Health: 0(19) Energy: 6(6) Def: 10 Gold: 0 Moves: 4347 Dungeon seed: Psn1zqFxOS-OXBVV Game ID: Zazza_1599488172 Your Inventory: Weapons a - 26 +2 darts (in quiver) E - a +0 dagger (weapon in hand) Armor e - an uncursed +0 Hawaiian shirt (being worn) q - an uncursed +0 oilskin cloak (being worn) r - a blessed +1 pair of water walking boots (being worn) y - an uncursed +1 helmet (being worn) Y - an uncursed +0 elven mithril-coat (being worn) Wands f - a wand of lightning (0:7) G - a wand of create monster (0:14) Tools g - an uncursed lock pick j - an uncursed towel l - an expensive camera (0:35) z - an uncursed bag of holding Contents of the bag of holding: 470 gold pieces a cursed amulet of strangulation an uncursed +0 helm of brilliance an uncursed carrot an uncursed egg 2 uncursed food rations 2 uncursed lembas wafers 2 uncursed melons 2 uncursed tripe rations a blessed scroll of confuse monster an uncursed scroll of confuse monster an uncursed scroll of earth an uncursed scroll of enchant armor an uncursed scroll of identify 2 uncursed scrolls of light a cursed scroll of light a blessed scroll of magic mapping 5 uncursed scrolls of magic mapping a blessed scroll of remove curse an uncursed scroll of remove curse an uncursed scroll of teleportation an uncursed spellbook of force bolt an uncursed spellbook of magic missile a blessed potion of confusion an uncursed potion of confusion an uncursed potion of enlightenment an uncursed potion of extra healing a cursed potion of extra healing an uncursed potion of gain ability an uncursed potion of gain energy an uncursed potion of invisibility an uncursed potion of sickness an uncursed potion of sleeping a cursed potion of sleeping an uncursed ring of invisibility 6 uncursed tallow candles (0:200) 5 uncursed wax candles (0:400) Spells and supernatural/magical abilities: Name Level Category Fail Memory W - pray for help -- divine ? -- Your skills at the end: Fighting Skills Weapon Skills dart [Basic] Spellcasting Skills Final Attributes: You were aligned. You could walk on water. You are dead. Vanquished creatures: a large mimic an imp 2 Uruk-hai 2 kobold lords a giant bat 3 iguanas an acid blob 2 coyotes a gas spore 2 hobbits 2 manes a large kobold a hobgoblin a green mold a gnome 3 gnome zombies 2 geckos 6 jackals a goblin 9 grid bugs a bat 5 lichens a kobold zombie 10 newts 60 creatures vanquished. Voluntary challenges: You used a wielded weapon 13 times, starting on turn 1559. You read items or engraved 9 times, starting on turn 8. You never genocided any monsters. You never polymorphed an object. You never changed form. You used no wishes. You never split a pudding. You wrote Elbereth's name 6 times, starting on turn 1677. You never violated your personal moral code. Dungeon overview: The Dungeons of Doom: levels 1 to 7 Level 1 a fountain a long staircase Level 2 an armor shop Level 3 a fountain Level 4 a general store a long staircase Level 5 a general store, a fountain Level 6 Level 7 <- You were here History has recorded: On T:1 you entered the Dungeons of Doom to retrieve the Amulet of Yendor! On T:616 you reached level 2 of The Dungeons of Doom. On T:1039 you reached level 3 of The Dungeons of Doom. On T:1521 you reached level 4 of The Dungeons of Doom. On T:2088 you reached level 5 of The Dungeons of Doom. On T:2675 you reached level 6 of The Dungeons of Doom. On T:3154 you reached level 7 of The Dungeons of Doom. On T:3638 you advanced to experience level 2. Score breakdown: Gold: 366 ( 8724 points) Experience: 2 levels ( 5570 points) Exploration: 7 levels ( 14.00%) (10497 points) Discoveries: 9 items ( 3.02%) ( 5213 points) Valuables value: (no points given unless you survive) Artifact value: 0 ( 0 points) Variety of kills: 24 monsters ( 6.30%) ( 7529 points) Turncount: 4347 turns (-1147 points) Survival: died (score multiplied by 80%) Total score: 29108 Latest messages: You displace Armand. G - a silver wand. You see here an imp corpse. It hits! You displace Armand. Armand eats an imp corpse. You hear some noises. You stop. Armand is in the way! You displace Armand. There is nothing here to pick up. You stop. Armand is in the way! You displace Armand. It shrinks out of its cloak! Its helmet falls to the floor! You hear some noises. You hear a nearby zap. The wand hits the Uruk-hai! The Uruk-hai is killed! The wand hits Armand! Armand eats an Uruk-hai corpse. You hear a nearby zap. The wand misses Armand. The wand hits you! You die... Final status: Aloha Zazza the Tourist, killed by a wand... You died in The Dungeons of Doom on dungeon level 7 with 29108 points, and 470 pieces of gold, after 4347 moves. You were level 2 with a maximum of 19 hit points when you died.